AoeStats
← Zuvela

Arabia

510718677Analyzed
1v1 RM · 19h ago on Oct 2, 2026· 44m 49s· 2 players
Game mode
Random Map
Map size
Tiny (2 player)
Population
200
Speed
Normal
Resources
Standard
Victory
Conquest
Starting age
Dark Age
Ending age
Imperial Age
RankedLock teamsTeams togetherTeam positionsShared explorationLock speedFull tech treeHidden civsTurbo modeCheats
Victory
Defeat
🇦🇺 Varangians · Australia
1094
+17
🇩🇪 Portuguese · Germany
1106
-17
Zuvela
6:20 Loom
9:18 Feudal Age
9:47 Man-at-Arms
10:26 Double-Bit Axe
20:33 Castle Age
18:31 Horse Collar
19:08 Gold Mining
20:07 Bloodlines
20:05 Scale Barding Armor
20:34 Forging
22:17 Bow Saw
25:12 Wheelbarrow
27:56 Husbandry
28:27 Heavy Plow
28:10 Light Cavalry
29:50 Hand Cart
31:31 Chain Barding Armor
32:03 Iron Casting
37:22 Imperial Age
37:40 Town Watch
37:36 Cavalier
40:29 Plate Barding Armor
40:54 Blast Furnace
40:20 Masonry
41:06 Conscription
41:24 Conscription
40:32 Vendel Legacy
Horst Seehofer
0:26 Loom
9:47 Feudal Age
10:37 Horse Collar
12:34 Double-Bit Axe
22:08 Castle Age
20:36 Scale Barding Armor
21:11 Bloodlines
22:03 Gold Mining
23:23 Chain Barding Armor
26:45 Wheelbarrow
27:53 Stone Mining
30:47 Heavy Plow
34:07 Stone Shaft Mining
38:10 Imperial Age
36:33 Bow Saw
36:39 Pikeman
37:34 Scale Mail Armor
37:44 Forging
38:23 Chain Mail Armor
38:38 Halberdier
41:34 Plate Mail Armor
45:39 Conscription
Connection lost

Rejoining the realm…

Still unreachable

The connection could not be restored.

Session expired

The server has moved on; the page needs a fresh start.